 Dungeon Crawl Stone Soup version 0.31.0-12-g77e489cdc1 (webtiles) character file.

Game seed: 11439159835852623355

28 purpleHaze the Ruffian (level 3, -5/18 HPs)
             Began as a Vine Stalker Shapeshifter on Feb 28, 2024.
             Slain by a +2 heavy rapier (12 damage)
             ... created by the rancor of the Wu Jian Council
             ... on level 2 of the Dungeon.
             The game lasted 00:01:06 (792 turns).

purpleHaze the Ruffian (Vine Stalker Shapeshifter)   Turns: 792, Time: 00:01:07

Health: -5/18      AC:  2    Str: 18    XL:     3   Next: 14%
Magic:  0/4        EV: 12    Int: 10    God:
Gold:   46         SH:  0    Dex: 13    Spells: 2/2 levels left

rFire   . .          .
                       - Unarmed
rCold   . . .        (no shield)
rNeg    . . .        a - +0 animal skin
rPois   .            (helmet currently unavailable)
rElec   .            (cloak currently unavailable)
rCorr   .            (gloves currently unavailable)
SInv    .            (boots currently unavailable)
Will    .....        (no amulet)
Stlth   +            (no ring)
HPRegen 1.03/turn    (no ring)
MPRegen 0.09/turn

%: guardian spirit
@: beast-form, slowed, very slow
A: beast (slay +1), fangs 2, regeneration 1, magic shield, antimagic bite, no
potion heal 2
a: Begin Untransformation


You were on level 2 of the Dungeon.
You were a hulking beast.
You visited 1 branch of the dungeon, and saw 2 of its levels.

You collected 46 gold pieces.

Inventory:

Missiles
 i - 5 poisoned darts (quivered)
Armour
 a - a +0 animal skin (worn)
 g - a +0 pair of boots
Jewellery
 m - a ring of magical power
Talismans
 c - a beast talisman
 d - a flux talisman
Scrolls
 e - a scroll of enchant armour {unknown}
 f - a scroll of immolation {unknown}
 j - a scroll of torment {unknown}
 k - a scroll of brand weapon {unknown}
Potions
 b - a potion of lignification
 h - a potion of magic {unknown}
 l - a potion of curing {unknown}
 n - a potion of heal wounds {unknown}


   Skills:
 * Level 2.0 Fighting
 - Level 1.5 Dodging
 + Level 0.0 Stealth
 + Level 3.6 Unarmed Combat
 - Level 3.0 Shapeshifting


You had 2 spell levels left.
You didn't know any spells.
Your spell library contained the following spells:

 Spells                   Type           Power      Damage    Failure   Level
 Apportation              Tloc           0%         N/A       36%         1
 Jinxbite                 Hex            0%         N/A       50%         2
 Alistair's Intoxication  Alch           0%         N/A       100%        5


Dungeon Overview and Level Annotations

Branches:
Dungeon (2/15)

Altars:
Wu Jian


Innate Abilities, Weirdness & Mutations

You are a hulking beast.
Your limbs bulge with bestial killing power. (Slay +1)
You have extremely sharp teeth.
Your natural rate of healing is unusually fast.
When hurt, damage is shared between your health and your magic reserves.
Your bite disrupts and absorbs the magic of your enemies.
Potions cannot restore your health.


Message History

A giant cockroach is nearby!
A giant cockroach is nearby!
A giant cockroach is nearby!
The giant cockroach closely misses you.
You punch the giant cockroach!
You kill the giant cockroach!
No target in view!
No target in view!
You see here a giant cockroach corpse.
n - a smoky inky potion You pick up a book of Party Tricks and begin reading...
You add the spells Apportation, Jinxbite and Alistair's Intoxication to your library.
A quokka comes into view.
You hit the quokka.
The quokka is moderately wounded.
The quokka barely misses you.
You hit the quokka. Your bite misses the quokka.
The quokka is severely wounded.
The quokka closely misses you.
You completely miss the quokka. Your bite misses the quokka.
The quokka is severely wounded.
The quokka misses you.
You hit the quokka.
You kill the quokka!
Your Fighting skill increases to level 2!
No target in view!
No target in view!
A ball python comes into view.
Found an escape hatch in the ceiling.
Sifu Lu Zhishen whispers: Nowhere to run...
A +1 glaive of electrocution, a +3 broad axe of electrocution, a +2 heavy rapier and 2 +4 rapiers of freezing come into view.
There is a +4 rapier of freezing.
There is a +4 rapier of freezing.
You see here a quokka corpse.
The ball python hisses angrily.
There is an escape hatch in the ceiling here.
Okay, then.
The +1 glaive of electrocution hits you from afar.
You are electrocuted!
The +2 heavy rapier hits you!
Ouch! That really hurt!
You die...

##.....#. .#####..#.#...
#.......##..........#.##
.............#....###.##
#.............##...##.##
#......(.####.......#..#
#......((.(.............
.......(##.....####....#
......S(###....####....#
#......h# ##.....##.....
#......## #...#...##...
#.#...# ####...###..#..# #
#######......# ##.#.)# #
##...##...# #...). ##.
#..#####.## ###...
...#######.######.#######...
............................
##.......#########.####.....


You could see 5 dancing weapons and a ball python.

Vanquished Creatures
  An adder (D:2)
  A dart slug (D:1)
  An endoplasm (D:1)
  2 giant cockroaches
  A goblin (D:1)
  3 quokkas
  2 ball pythons
  2 bats (D:1)
  3 frilled lizards (D:1)
  2 kobolds
18 creatures vanquished.

Notes
Turn   | Place    | Note
-------+----------+-------------------------------------------
     0 | D:1      | purpleHaze the Vine Stalker Shapeshifter began the quest
                  | for the Orb.
     0 | D:1      | Reached XP level 1. HP: 9/9 MP: 2/2
   114 | D:1      | Reached skill level 1 in Fighting
   207 | D:1      | Found a faded altar of an unknown god.
   220 | D:1      | Reached XP level 2. HP: 14/14 MP: 1/3
   319 | D:1      | Prayed at the altar of an unknown god.
   319 | D:1      | Became a worshipper of the Wu Jian Council
   319 | D:1      | Reached * piety under Wu Jian
   365 | D:1      | Fell from the grace of Wu Jian
   678 | D:2      | Reached XP level 3. HP: 18/18 MP: 4/4
   789 | D:2      | Noticed a +4 rapier of freezing
   789 | D:2      | Noticed a +1 glaive of electrocution
   789 | D:2      | Noticed a +3 broad axe of electrocution
   789 | D:2      | Noticed a +2 heavy rapier
   789 | D:2      | Noticed a +4 rapier of freezing
   792 | D:2      | Slain by a +2 heavy rapier

Illustrated notes

Levels and vault maps discovered:
D:1:      minmay_arrival_up_and_down, layout_loops_ring,
          ebering_ecumenical_altar_ruins
D:2:      layout_rooms

Skill      XL: |  1  2  3 |
---------------+----------+-----
Fighting       | 1 2 |  2.0
Dodging        | |  1.5
Unarmed Combat | |  3.6
Shapeshifting  | |  3.0

Action                     || total
---------------------------++-------
  Melee: Unarmed           ||    41
         Bite              ||    10
 Invoke: Renounce Religion ||     1
Ability: Lunge             ||     1
 Armour: Animal skin       ||    12
  Dodge: Dodged            ||    25
